 Dungeon Crawl Stone Soup version 0.23.0 (webtiles) character file.

Game seed: 10303737580377225055

29225 Flooderbenga the Severer (level 13, -2/121 HPs)
             Began as a Deep Dwarf Fighter on Feb 9, 2019.
             Was an Elder of Makhleb.
             Slain by Polyphemus (7 damage)
             ... on level 1 of the Shoals.
             The game lasted 00:37:26 (9216 turns).

Flooderbenga the Severer (Deep Dwarf Fighter)       Turns: 9216, Time: 00:37:27

Health: -2/121     AC: 18    Str: 24    XL:     13   Next: 14%
Magic:  9/9        EV: 12    Int: 10    God:    Makhleb [****..]
Gold:   1103       SH: 11    Dex: 12    Spells: 12/12 levels left

rFire    . . .     SeeInvis .   m - +2 war axe (vamp)
rCold    + . .     Gourm    .   k - +0 shield
rNeg     . . .     Faith    .   s - +1 plate armour {rPois}
rPois    +         Spirit   .   n - +0 helmet of Yluhe {rC+} (curse)
rElec    .         Reflect  .   t - +0 cloak {MR+}
rCorr    .         Harm     .   W - +0 pair of gloves (curse)
MR       ++...                  (no boots)
Stlth    ..........             h - amulet of the acrobat
HPRegen  0.00/turn              y - ring of flight
MPRegen  0.11/turn              A - +4 ring of evasion

@: non-regenerating, studying Crossbows
A: damage resistance, heal wounds, sense surroundings 2, no regeneration
a: Heal Wounds, Minor Destruction, Lesser Servant of Makhleb, Major Destruction,
Renounce Religion, Evoke Flight


You were on level 1 of the Shoals.
You worshipped Makhleb.
Makhleb was greatly pleased with you.
You were not hungry.

You visited 5 branches of the dungeon, and saw 20 of its levels.
You also visited: Ice Cave.

You collected 1103 gold pieces.

Inventory:

Hand Weapons
 a - a +0 war axe
 m - a +2 vampiric war axe (weapon)
 o - a +1 war axe of flaming
 L - the +5 great sword "Aseoc" {slice, rC+ Dex+7, unknown}
   (You found it on level 4 of the Lair of Beasts)

   It inflicts extra damage upon your enemies.
   It affects your dexterity (+7).
   It protects you from cold.
Armour
 k - a +0 shield (worn)
 n - the cursed +0 helmet of Yluhe (worn) {rC+}
   (You found it on level 1 of the Lair of Beasts)

   It protects you from cold.
   It has a curse placed upon it.
 s - a +1 plate armour of poison resistance (worn)
 t - a +0 cloak of magic resistance (worn)
 W - a cursed +0 pair of gloves (worn)
Jewellery
 c - an uncursed ring of protection from cold
 g - an uncursed ring of resist corrosion
 h - an amulet of the acrobat (around neck)
 j - the ring of Charity {Fire rN+++ Str+2 Slay-2 Stlth-}
   (You found it in an ice cave)

   [ring of fire]

   It enhances your fire magic.
   It affects your strength (+2).
   It affects your accuracy and damage with ranged weapons and melee attacks
   (-2).
   It protects you from fire.
   It makes you vulnerable to cold.
   It renders you almost immune to negative energy.
   It makes you less stealthy.
 y - a ring of flight (left hand)
 A - a +4 ring of evasion (right hand)
Wands
 I - a wand of iceblast (9)
 O - a wand of clouds (1)
 P - a wand of paralysis (23)
Scrolls
 e - a scroll of torment
 p - 2 scrolls of blinking {unknown}
 w - 2 scrolls of enchant armour {unknown}
 x - a scroll of fog
 E - 3 scrolls of fear {unknown}
 J - 7 scrolls of remove curse {unknown}
 Q - 3 scrolls of amnesia {unknown}
 R - 3 scrolls of identify
 T - 4 scrolls of teleportation
 V - a scroll of enchant weapon {unknown}
 Z - 3 scrolls of magic mapping {unknown}
Potions
 d - a potion of might
 f - 5 potions of curing {unknown}
 l - a potion of flight
 r - 2 potions of heal wounds {unknown}
 u - a potion of ambrosia
 v - 2 potions of degeneration {unknown}
 B - a potion of mutation
 G - a potion of magic
 K - a potion of berserk rage
 N - 3 potions of haste {unknown}
 S - 2 potions of cancellation {unknown}
 U - 3 potions of lignification {unknown}
 Y - 2 potions of invisibility {unknown}
Books
 q - a manual of Crossbows
Miscellaneous
 X - a phial of floods
Comestibles
 z - 23 rations


   Skills:
 + Level 9.3 Fighting
 - Level 17.1 Axes
 + Level 7.6 Armour
 + Level 6.7 Dodging
 + Level 7.6 Shields
 - Level 6.1 Invocations


You had 12 spell levels left.
You didn't know any spells.
Your spell library contained the following spells:

 Spells                   Type           Power        Failure   Level  Hunger
 Animate Skeleton         Necr           N/A          100%        1    ##.....
 Corona                   Hex            #......      100%        1    ##.....
 Magic Dart               Conj           #...         100%        1    ##.....
 Pain                     Necr           #...         100%        1    ##.....
 Blink                    Tloc           N/A          100%        2    ###....
 Call Imp                 Summ           #.......     100%        2    ###....
 Ensorcelled Hibernation  Hex/Ice        #.....       100%        2    ###....
 Searing Ray              Conj           #.....       100%        2    ###....
 Slow                     Hex            #.......     100%        2    ###....
 Confuse                  Hex            #.......     100%        3    ####...
 Conjure Flame            Conj/Fire      #.......     100%        3    ####...
 Dazzling Spray           Conj/Hex       #.....       100%        3    ####...
 Inner Flame              Hex/Fire       #.......     100%        3    ####...
 Mephitic Cloud           Conj/Pois/Air  #.......     100%        3    ####...
 Portal Projectile        Hex/Tloc       #.....       100%        3    ####...
 Tukima's Dance           Hex            #.......     100%        3    ####...
 Vampiric Draining        Necr           #.........   100%        3    ####...
 Animate Dead             Necr           N/A          100%        4    #####..
 Cause Fear               Hex            #.........   100%        4    #####..
 Force Lance              Conj/Tloc      #.......     100%        4    #####..
 Fulminant Prism          Conj/Hex       #.........   100%        4    #####..
 Ice Form                 Ice/Tmut       #.......     100%        4    #####..
 Iskenderun's Mystic Bla  Conj           #.......     100%        4    #####..
 Leda's Liquefaction      Hex/Erth       #.........   100%        4    #####..
 Summon Lightning Spire   Summ/Air       #.......     100%        4    #####..
 Metabolic Englaciation   Hex/Ice        #.........   100%        5    ######.
 Silence                  Hex/Air        #.........   100%        5    ######.
 Bolt of Cold             Conj/Ice       #.........   100%        6    #######
 Conjure Ball Lightning   Conj/Air       #.........   100%        6    #######
 Deflect Missiles         Chrm/Air       #.........   100%        6    #######
 Freezing Cloud           Conj/Ice/Air   #.........   100%        6    #######
 Ozocubu's Refrigeration  Ice            #.........   100%        6    #######
 Simulacrum               Ice/Necr       #.........   100%        6    #######
 Tornado                  Air            #.........   100%        9    #######
 Regeneration             Chrm/Necr      Unusable     N/A         3    N/A

Dungeon Overview and Level Annotations

Branches:
Dungeon (12/15)            Temple (1/1) D:5            Lair (4/6) D:11
 Shoals (2/4) Lair:4          Orc (1/2) D:11
  Snake: Lair:2-4    Spider: Lair:2-4

Altars:
Ashenzari
Cheibriados
Dithmenos
Elyvilon
Fedhas
Gozag
Makhleb
Nemelex Xobeh
Qazlal
Ru
Sif Muna
Uskayaw
Xom
Yredelemnul
The Shining One

Shops:
D:4 [

Annotations:
D:5 1 runed translucent door, buskinjo's ghost, novice DsFi
D:11 exclusion: oklob plant
Shoals:1 Polyphemus


Innate Abilities, Weirdness & Mutations

You are resistant to damage.
You can heal yourself by infusing magical energy.
You passively map the area around you.
You do not regenerate.


Message History

You slash Polyphemus!
You feel better.
Polyphemus is lightly wounded.
You slash the death yak!
You feel better.
You slash Polyphemus!
You feel better.
Polyphemus is lightly wounded.
You completely miss the death yak. Polyphemus throws the death yak at you!
The death yak gores you but does no damage.
You hit Polyphemus.
You feel better.
Polyphemus is moderately wounded.
You hit the death yak.
You feel better. Polyphemus hits you! Polyphemus barely misses you.
The death yak gores you!
You hit Polyphemus but do no damage.
Polyphemus is moderately wounded.
You hit the death yak but do no damage. Polyphemus hits you but does no damage.
You block Polyphemus's attack. The death yak gores you!
You hit Polyphemus but do no damage.
Polyphemus is moderately wounded.
Your shield and plate armour prevent you from hitting the death yak.
You slash Polyphemus!
You feel better.
Polyphemus is moderately wounded.
You hit the death yak but do no damage. Polyphemus barely misses you. x2
The death yak gores you!!
You hit Polyphemus but do no damage.
Polyphemus is moderately wounded.
You hit the death yak.
Polyphemus shouts loudly for his pets to attack!
Polyphemus hits you!!
* * * LOW HITPOINT WARNING * * *
You block Polyphemus's attack. The death yak barely misses you.
You are too injured to fight recklessly!
You are too injured to fight recklessly!
You feel much better. You block Polyphemus's attack.
Polyphemus hits you but does no damage. You block the death yak's attack.
A demon appears!
Polyphemus hits you. Polyphemus hits you!! The death yak completely misses you.
A demon appears!
You can no longer summon a greater servant of Makhleb.
Polyphemus hits you but does no damage. Polyphemus hits you!!
* * * LOW HITPOINT WARNING * * *
The death yak closely misses you.
Your smoke demon hits Polyphemus but does no damage.
Your smoke demon barely misses Polyphemus.
Your smoke demon hits Polyphemus but does no damage.
You slash Polyphemus!
Polyphemus is moderately wounded.
Your plate armour prevents you from hitting the death yak.
The death yak gores you!
* * * LOW HITPOINT WARNING * * *
Polyphemus hits you!
You die...

≈ ≈≈≈≈≈≈≈≈≈≈≈≈. ≈≈≈≈
≈≈≈≈≈≈≈≈≈≈....# , ≈≈≈≈ ≈
≈≈≈≈≈≈≈≈...≈.# * ≈≈≈≈ ≈
≈≈≈≈≈........# ≈≈≈≈
≈≈≈≈.........# * ###≈
≈≈≈≈≈.....# ..# * #≈ ≈ ≈
≈≈≈≈....4# #.## * #≈ ≈
≈≈≈≈..3.†###..###.. *#≈≈
≈
≈≈≈≈..C@.[(.....(≈≈≈*≈≈c
≈≈≈≈....Y.(..≈≈≈≈≈≈≈ ≈≈#
≈≈≈≈........≈≈≈≈≈≈≈≈ ≈##
≈ ≈≈
≈≈≈≈≈≈.....≈≈≈.≈≈≈≈≈# *
≈ ≈≈≈≈≈.....≈≈≈≈.≈≈≈≈≈#
≈≈
≈≈≈≈≈≈≈..≈...≈≈≈≈≈≈≈≈###
≈≈≈≈≈≈≈......≈≈.≈≈≈≈≈..#
≈≈≈≈...........≈≈≈≈≈..##
≈≈
≈≈≈≈≈≈.......≈≈≈≈≈≈..##


You could see Polyphemus, a death yak, a friendly orange demon and a friendly
smoke demon.

Vanquished Creatures
  A frost giant (IceCv)
  A merfolk javelineer (Shoals:1)
  A catoblepas (Shoals:1)
  A tengu warrior (D:11)
  A death yak (Shoals:1)
  3 oklob plants (Lair:3)
  An orc sorcerer (Orc:1)
  An ugly thing (D:12)
  A black mamba (Lair:3)
  An ice statue (IceCv)
  A gargoyle (D:11)
  Psyche (D:10)
  4 spiny frogs
  3 rime drakes
  5 komodo dragons
  A troll (Orc:1)
  13 polar bears (IceCv)
  A wind drake (Shoals:1)
  6 dream sheep (Lair:4)
  2 hippogriffs (D:9)
  A snapping turtle (Lair:4)
  3 wyverns
  A vampire (D:10)
  22 yaks
  A hungry ghost (D:11)
  Eustachio (D:6)
  A basilisk (Lair:3)
  A porcupine (Lair:3)
  5 water moccasins
  A hornet zombie (D:9)
  2 ice beasts
  5 orc warriors
  4 sky beasts
  5 phantoms
  A black bear (D:11)
  3 ogres (Orc:1)
  3 centaurs (Shoals:1)
  26 wolves
  3 crocodiles
  A big kobold (D:9)
  6 bullfrogs
  5 scorpions
  An electric eel (Lair:1)
  4 howler monkeys
  5 crimson imps
  A quasit (D:5)
  4 centaur zombies
  11 orc priests
  A bullfrog skeleton (D:12)
  2 bullfrog zombies
  3 hounds
  Crazy Yiuf (D:4)
  A gnoll shaman (D:5)
  3 centaur skeletons
  A jelly (D:9)
  11 orc wizards
  3 iguanas
  10 worker ants
  5 ogre zombies (D:11)
  A hound zombie (D:6)
  3 hound skeletons
  A worker ant zombie (D:5)
  Robin (D:4)
  4 gnolls (D:5)
  5 adders
  A shadow imp (D:9)
  An adder zombie (D:9)
  2 adder skeletons
  A dart slug (D:4)
  6 leopard geckos
  56 orcs
  A ball python (D:8)
  16 goblins
  5 hobgoblins
  10 jackals
  5 kobolds
  4 quokkas
  2 frilled lizards (D:3)
  A goblin skeleton (D:11)
  3 goblin zombies (D:11)
  A hobgoblin skeleton (D:11)
  A hobgoblin zombie (D:11)
  A jackal skeleton (D:8)
  2 orc skeletons (D:11)
  10 orc zombies (D:11)
  A quokka zombie (D:5)
  7 rats
  5 plants
374 creatures vanquished.

Vanquished Creatures (collateral kills)
  A hydra (Lair:1)
  Urug (Lair:4)
  A komodo dragon (Lair:4)
3 creatures vanquished.

Vanquished Creatures (others)
  A polar bear (IceCv)
  A yak (IceCv)
  2 wolves (IceCv)
  A plant (Lair:3)
5 creatures vanquished.

Grand Total: 382 creatures vanquished

Notes
Turn   | Place    | Note
-------+----------+-------------------------------------------
     0 | D:1      | Flooderbenga the Deep Dwarf Fighter began the quest for the
                  | Orb.
     0 | D:1      | Reached XP level 1. HP: 20/20 MP: 1/1
    80 | D:2      | Reached skill level 3 in Fighting
   243 | D:3      | Reached XP level 2. HP: 19/28 MP: 2/2
   264 | D:3      | Reached skill level 3 in Axes
   369 | D:4      | Noticed Robin
   375 | D:4      | Reached XP level 3. HP: 20/34 MP: 3/3
   381 | D:4      | Killed Robin
   405 | D:4      | Found a deep blue altar of Sif Muna.
   419 | D:4      | Reached XP level 4. HP: 39/44 MP: 4/4
   429 | D:5      | Entered Level 5 of the Dungeon
   432 | D:5      | Noticed a phantom
   439 | D:5      | Reached skill level 4 in Axes
   443 | D:6      | Noticed a sky beast
   462 | D:6      | Killed a sky beast
   462 | D:6      | Reached XP level 5. HP: 31/51 MP: 5/5
   561 | D:5      | Reached skill level 5 in Axes
   585 | D:6      | Reached XP level 6. HP: 25/60 MP: 6/6
   596 | D:6      | Found a white marble altar of Elyvilon.
   720 | D:6      | Reached skill level 6 in Axes
   726 | D:6      | Reached XP level 7. HP: 41/67 MP: 6/6
   758 | D:6      | Found a shimmering altar of Xom.
   802 | D:5      | Found a sparkling altar of Nemelex Xobeh.
   802 | D:5      | Found a runed translucent door.
   807 | D:5      | Noticed buskinjo's ghost (novice DsFi)
   832 | D:5      | Reached skill level 6 in Fighting
   909 | D:5      | Reached skill level 7 in Axes
  1008 | D:5      | Reached XP level 8. HP: 52/78 MP: 6/6
  1199 | D:5      | Reached skill level 8 in Axes
  1220 | D:4      | Found Meupn's Armour Shoppe.
  1889 | D:4      | Found a runed translucent door.
  1890 | D:4      | Noticed Crazy Yiuf
  1990 | D:4      | Reached skill level 9 in Axes
  2523 | D:4      | Killed Crazy Yiuf
  2681 | D:5      | Found a staircase to the Ecumenical Temple.
  2687 | Temple   | Entered the Ecumenical Temple
  2783 | Temple   | Became a worshipper of Makhleb the Destroyer
  2825 | D:6      | Noticed Eustachio
  2839 | D:6      | Killed Eustachio
  2866 | D:6      | Found a basalt altar of Yredelemnul.
  2870 | D:6      | Found an opulent altar of Gozag.
  2934 | D:7      | Reached skill level 10 in Axes
  3023 | D:8      | Gained mutation: You passively map the area around you.
                  | [Deep Dwarf growth]
  3023 | D:8      | Reached XP level 9. HP: 54/86 MP: 6/6
  3388 | D:8      | Reached skill level 11 in Axes
  3937 | D:9      | Found a hide-covered altar of Uskayaw.
  3937 | D:9      | Noticed a +0 dagger
  3937 | D:9      | Noticed a +0 hand axe
  3961 | D:9      | Reached skill level 12 in Axes
  3972 | D:10     | Entered Level 10 of the Dungeon
  4047 | D:10     | Reached * piety under Makhleb
  4094 | D:11     | Found a staircase to the Orcish Mines.
  4201 | D:10     | Reached skill level 13 in Axes
  4243 | D:10     | Reached XP level 10. HP: 65/94 MP: 6/6
  4333 | D:9      | Found a shattered altar of Ashenzari.
  4559 | D:10     | Noticed Psyche
  4569 | D:10     | Killed Psyche
  4603 | D:10     | Reached skill level 14 in Axes
  4679 | D:9      | Reached ** piety under Makhleb
  5741 | D:11     | Noticed an oklob plant
  5745 | D:11     | Found a staircase to the Lair.
  5765 | D:11     | Noticed a gargoyle
  5771 | D:11     | Killed a gargoyle
  5771 | D:11     | Reached skill level 15 in Axes
  5798 | D:11     | Noticed a tengu warrior
  5810 | D:11     | Killed a tengu warrior
  5998 | Orc:1    | Entered Level 1 of the Orcish Mines
  6051 | Orc:1    | Noticed an orc sorcerer
  6059 | Orc:1    | Killed an orc sorcerer
  6069 | Orc:1    | Reached *** piety under Makhleb
  6071 | Orc:1    | Reached XP level 11. HP: 71/100 MP: 7/7
  6085 | Orc:1    | Reached skill level 16 in Axes
  6241 | Orc:1    | Found a burning altar of Makhleb.
  6319 | D:12     | Noticed a green ugly thing
  6328 | D:12     | Killed a green ugly thing
  6488 | Lair:1   | Entered Level 1 of the Lair of Beasts
  6635 | Lair:1   | Noticed an eight-headed hydra
  6642 | Lair:1   | Killed an eight-headed hydra
  6746 | Lair:1   | Got a distressingly furry helmet
  6757 | Lair:1   | Identified the cursed +0 helmet of Yluhe {rC+} (You found
                  | it on level 1 of the Lair of Beasts)
  6976 | Lair:1   | Reached skill level 17 in Axes
  7133 | Lair:1   | Reached skill level 1 in Invocations
  7308 | Lair:2   | Reached skill level 1 in Dodging
  7509 | Lair:3   | Found a frozen archway.
  7518 | IceCv    | Entered an ice cave
  7525 | IceCv    | Reached skill level 3 in Invocations
  7690 | IceCv    | Reached **** piety under Makhleb
  7707 | IceCv    | Reached skill level 3 in Dodging
  7732 | IceCv    | Reached XP level 12. HP: 110/110 MP: 6/6
  8051 | IceCv    | Noticed a frost giant
  8085 | IceCv    | Killed a frost giant
  8085 | IceCv    | Reached skill level 6 in Armour
  8085 | IceCv    | Reached skill level 6 in Shields
  8085 | IceCv    | Reached skill level 6 in Invocations
  8118 | IceCv    | Got a shimmering amber ring
  8191 | Lair:3   | Identified the ring of Charity {Fire rN+++ Str+2 Slay-2
                  | Stlth-} (You found it in an ice cave)
  8425 | Lair:3   | Reached ***** piety under Makhleb
  8432 | Lair:3   | Reached skill level 9 in Fighting
  8473 | Lair:3   | Reached skill level 6 in Dodging
  8501 | Lair:3   | Noticed a five-headed hydra
  8653 | Lair:4   | Noticed Urug
  8673 | Lair:4   | Killed Urug
  8857 | Lair:4   | Got a brightly glowing great sword
  9002 | Lair:4   | Found a staircase to the Shoals.
  9014 | Lair:4   | Reached XP level 13. HP: 91/121 MP: 9/9
  9022 | Shoals:1 | Entered Level 1 of the Shoals
  9040 | Shoals:1 | Found a basalt altar of Yredelemnul.
  9140 | Shoals:1 | Noticed a merfolk javelineer
  9170 | Shoals:1 | Killed a merfolk javelineer
  9175 | Shoals:2 | Noticed Polyphemus
  9216 | Shoals:1 | HP: 5/121 [death yak[Polyphemus] (13)]
  9216 | Shoals:1 | Slain by Polyphemus

Skill      XL: |  1  2  3  4  5  6  7  8  9 10 11 12 |
---------------+-------------------------------------+-----
Fighting       | 3 4 5 6 7 9 |  9.3
Axes           | 3 4 5 6 7 10 13 15 17 | 17.1
Invocations    | 3 6 |  6.1
Dodging        | 3 6 |  6.7
Armour         | 4 7 |  7.6
Shields        | 4 7 |  7.6

Action                   |  1- 3 |  4- 6 |  7- 9 | 10-12 | 13-15 || total
-------------------------+-------+-------+-------+-------+-------++-------
Melee: War axe           |    60 |    80 |   468 |   837 |    67 ||  1512
Invok: Lesser Servant of |       |       |       |     5 |     2 ||     7
       Major Destruction |       |       |       |     2 |       ||     2
 Abil: Heal Wounds       |     1 |     1 |    11 |    16 |     1 ||    30
       Evoke Flight      |       |       |       |       |     1 ||     1
Evoke: Wand              |       |       |     6 |    11 |       ||    17
       Phial of floods   |       |       |       |     1 |       ||     1
  Use: Potion            |       |     1 |       |       |       ||     1
       Scroll            |       |       |       |    11 |       ||    11
 Stab: Paralysed         |       |       |       |     4 |       ||     4
  Eat: Chunk             |       |       |     9 |     8 |     2 ||    19
       Ration            |       |       |     1 |     4 |       ||     5
Armor: Scale mail        |     6 |       |       |       |       ||     6
       Ring mail         |    36 |    36 |   158 |       |       ||   230
       Plate armour      |       |       |    31 |   391 |    20 ||   442
Dodge: Dodged            |    36 |    26 |   173 |   295 |    37 ||   567
Block: Shield            |    42 |    31 |   229 |   392 |    32 ||   726
